 Dungeon Crawl Stone Soup version 0.29.1-1-gd02db6906a (webtiles) character file.

Game seed: 2352307372567251679

411 Hadkhar the Sneak (level 6, -1/58 HPs)
             Began as a Naga Monk on Oct 14, 2022.
             Splashed by a jelly's acid (7 damage)
             ... on level 4 of the Dungeon.
             The game lasted 00:24:21 (5328 turns).

Hadkhar the Sneak (Naga Monk)                       Turns: 5328, Time: 00:24:22

Health: -1/58      AC: -11   Str: 15    XL:     6   Next: 90%
Magic:  6/6        EV: 10    Int: 10    God:
Gold:   250        SH:  0    Dex: 14    Spells: 5/5 levels left

rFire   . . .      SeeInvis +   a - +0 hand axe
rCold   + . .      Faith    .   (no shield)
rNeg    . . .      Spirit   .   h - +0 leather armour
rPois   +          Reflect  .   m - +0 helmet
rElec   .          Harm     .   (no cloak)
rCorr   .          Rampage  .   (no gloves)
Will    .....                   (no barding)
Stlth   +++.......              (no amulet)
HPRegen 0.19/turn               s - ring of protection from cold
MPRegen 0.10/turn               (no ring)

@: corroded, invisible, very slow
A: AC +2, large, see invisible, deformed body, poison resistance, slowness 2,
spit poison 1, naga tail 1
a: Spit Poison


You were on level 4 of the Dungeon.
You visited 1 branch of the dungeon, and saw 5 of its levels.

You collected 250 gold pieces.

Inventory:

Hand Weapons
 a - a +0 hand axe (weapon)
 q - a +0 arbalest
Missiles
 i - 20 poisoned darts
 t - a throwing net
Armour
 h - a +0 leather armour (worn)
 m - a +0 helmet (worn)
 p - a +0 chain mail
Magical Staves
 o - a staff of poison
Jewellery
 s - a ring of protection from cold (left hand)
 v - a ring of ice
Scrolls
 b - 2 scrolls of amnesia {unknown}
 e - 5 scrolls of identify {unknown}
 g - a scroll of teleportation {unknown}
 k - a scroll of butterflies {unknown}
 r - a scroll of acquirement {unknown}
 u - a scroll of silence {unknown}
Potions
 d - a potion of cancellation {unknown}
 f - a potion of invisibility
 j - a potion of lignification {unknown}
 n - a potion of degeneration {unknown}
 w - a potion of might {unknown}


   Skills:
 + Level 4.5 Fighting
 * Level 5.0 Axes
 + Level 2.5 Armour
 - Level 2.4 Dodging
 - Level 5.0 Stealth


You had 5 spell levels left.
You didn't know any spells.
Your spell library contained the following spells:

 Spells                   Type           Power      Damage    Failure   Level
 Necrotise                Necr           0%         1d4       43%         1
 Ensorcelled Hibernation  Hex/Ice        0%         N/A       56%         2
 Sublimation of Blood     Necr           0%         N/A       56%         2
 Wereblood                Tmut           0%         N/A       56%         2
 Spider Form              Tmut/Pois      0%         N/A       80%         3
 Vampiric Draining        Necr           0%         2d6       80%         3
 Anguish                  Hex/Necr       0%         N/A       99%         4
 Agony                    Necr           0%         N/A       100%        5
 Summon Hydra             Summ           0%         N/A       100%        7


Dungeon Overview and Level Annotations

Branches:
Dungeon (5/15)
 Temple: D:4-7

Altars:
Gozag
Okawaru
Zin


Innate Abilities, Weirdness & Mutations

Your serpentine skin is tough. (AC +2)
You have supernaturally acute eyesight. (SInv)
Armour fits poorly on your strangely shaped body.
Your system is resistant to poisons. (rPois)
You cover ground very slowly.
You can spit poison.
You have a snake-like lower body.


Message History

* * * LOW HITPOINT WARNING * * *
The adder bites you.
* * * LOW HITPOINT WARNING * * *
The jelly hits you.
* * * LOW HITPOINT WARNING * * *
The acid corrodes you!
You are splashed with acid!
* * * LOW HITPOINT WARNING * * *
The adder bites you.
* * * LOW HITPOINT WARNING * * *
You feel better. The jelly barely misses you. The adder closely misses you.
It was a potion of invisibility.
You fade into invisibility!
The jelly hits you.
* * * LOW HITPOINT WARNING * * *
The acid corrodes you!
You are splashed with acid!
* * * LOW HITPOINT WARNING * * *
The adder misses you. The adder closely misses you.
Things that are here:
a +0 chain mail; a +0 falchion; an orc skeleton You hit the adder but do no damage.
The adder is heavily wounded.
The adder closely misses you. The adder barely misses you.
You barely miss the adder. You punch the adder, but do no damage.
The adder is heavily wounded.
The adder bites you.
* * * LOW HITPOINT WARNING * * *
You feel better. The adder closely misses you.
You hit the adder but do no damage.
The adder is moderately wounded.
You hit the jelly but do no damage.
Your hands burn!
* * * LOW HITPOINT WARNING * * *
The jelly is severely wounded.
The jelly completely misses you.
You barely miss the jelly.
The jelly is severely wounded.
The jelly hits you.
* * * LOW HITPOINT WARNING * * *
The acid corrodes you!
You are splashed with acid!
You die...

##...##.# #.# ##.....
###.###.# #.##########......
........# ##...[.....##......
###.##### ##...######.##......
#.##########.....# #.##.#####
#...........#S[.######.##.#
###########..[............#
####J#######(#### #@#######.#
#.........# #.######### #.#
#.# #.# ####### ######.####
#.....#
######.........######.....#
####.........................#


You could see a jelly and an adder (wandering, unable to see you).

Vanquished Creatures
  A scorpion (D:5)
  A hound (D:5)
  An orc priest (D:5)
  2 iguanas (D:4)
  4 orc wizards
  5 adders
  A white imp (D:5)
  A worm (D:2)
  10 orcs
  7 ball pythons
  4 bats
  2 endoplasms (D:1)
  4 giant cockroaches
  3 goblins (D:3)
  9 hobgoblins
  8 jackals
  7 kobolds
  2 quokkas (D:4)
  2 frilled lizards (D:1)
  A rat (D:1)
75 creatures vanquished.

Notes
Turn   | Place    | Note
-------+----------+-------------------------------------------
     0 | D:1      | Hadkhar the Naga Monk began the quest for the Orb.
     0 | D:1      | Reached XP level 1. HP: 21/21 MP: 1/1
   314 | D:1      | Found a faded altar of an unknown god.
   557 | D:1      | Reached XP level 2. HP: 28/28 MP: 2/2
  1218 | D:2      | Reached XP level 3. HP: 34/34 MP: 3/3
  1368 | D:2      | Reached skill level 1 in Armour
  1914 | D:2      | Reached XP level 4. HP: 37/42 MP: 4/4
  3151 | D:4      | Found a faded altar of an unknown god.
  3151 | D:4      | Found an opulent altar of Gozag.
  3158 | D:4      | Found a glowing silver altar of Zin.
  3160 | D:4      | Found a faded altar of an unknown god.
  3162 | D:4      | Found an iron altar of Okawaru.
  3456 | D:4      | Reached XP level 5. HP: 35/50 MP: 5/5
  3965 | D:4      | Reached skill level 5 in Stealth
  4723 | D:5      | Entered Level 5 of the Dungeon
  4737 | D:5      | Reached XP level 6. HP: 36/57 MP: 6/6
  5084 | D:4      | Reached skill level 5 in Axes
  5319 | D:4      | HP: 2/58 [adder (2)]
  5324 | D:4      | HP: 2/58 [adder (1)]
  5328 | D:4      | Splashed by a jelly's acid

Illustrated notes

Levels and vault maps discovered:
D:1:      dpeg_arrival_short_road, layout_loops_corners,
          ebering_ecumenical_altar_hall
D:2:      layout_loops_corners, minmay_crystal_room
D:3:      layout_rooms
D:4:      layout_loops_corners, chequers_temple_overflow_minitemple
D:5:      layout_rooms, nicolae_qazlal_general_emergency

Skill      XL: |  1  2  3  4  5  6 |
---------------+-------------------+-----
Armour         | 1 2 |  2.5
Stealth        | 4 5 |  5.0
Fighting       | 4 |  4.5
Axes           | 4 5 |  5.0
Dodging        | |  2.4

Action                   |  1- 3 |  4- 6 || total
-------------------------+-------+-------++-------
Melee: Hand axe          |    80 |    72 ||   152
       Punch             |       |     2 ||     2
 Fire: Arbalest          |       |    74 ||    74
 Abil: Spit Poison       |    11 |     5 ||    16
  Use: Potion            |       |     6 ||     6
 Stab: Sleeping          |     4 |     4 ||     8
Armor: Leather armour    |    19 |    45 ||    64
       Robe              |     3 |       ||     3
Dodge: Dodged            |    47 |   101 ||   148
